 Dungeon Sprint DCSS version 0.27.0-65-ge2af304b15 (webtiles) character file.

Game seed: 7404868488387804800

3334 ABBCCCDDDD the Cleaver (level 9, -3/139 HPs)
             Began as a Minotaur Berserker on Aug 18, 2021.
             Was a High Priest of Trog.
             Killed from afar by a crystal guardian (18 damage)
             ... with a crystal bolt
             ... in the Dungeon (Sprint II: "The Violet Keep of Menkaure").
             The game lasted 00:03:51 (977 turns).

ABBCCCDDDD the Cleaver (Minotaur Berserker)          Turns: 977, Time: 00:03:51

Health: -3/139     AC: 26    Str: 26    XL:     9   Next: 71%
Magic:  8/8        EV:  8    Int: 12    God:    Trog [*****.]
Gold:   133        SH:  0    Dex:  9    Spells: 8/8 levels left

rFire    + . .     SeeInvis .   a - +0 hand axe
rCold    + . .     Faith    .   (no shield)
rNeg     . . .     Spirit   .   i - +7 gold dragon scales of Foolhardiness {Contam rPois rF+ rC+ Int+8}
rPois    +         Reflect  .   (helmet restricted)
rElec    .         Harm     .   (no cloak)
rCorr    .         Rampage  .   (no gloves)
Will     .....     NoTele   +   (no boots)
Stlth    ..........             (no amulet)
HPRegen  0.33/turn              (no ring)
MPRegen  0.11/turn              (no ring)

@: berserking (expiring), lethally poisoned (-3 -> -72), slowed
A: horns 2, retaliatory headbutt
a: Renounce Religion, Berserk, Trog's Hand, Brothers in Arms


You were in the Dungeon.
You worshipped Trog.
Trog was extremely pleased with you.
You visited 1 branch You collected 1056 gold pieces.
You spent 923 gold pieces at shops.

Inventory:

Hand Weapons
 a - a +0 hand axe (weapon)
 b - the +8 war axe of Shame {pain, MP+9 SInv}
   (You bought it in a shop in the Dungeon)

   In the hands of one skilled in necromantic magic, it inflicts extra damage on
   living creatures.
   MP:        It affects your magic capacity (+9).
   SInv:      It lets you see invisible.
   Trog disapproves of the use of such an item.
Armour
 i - the +7 gold dragon scales of Foolhardiness (worn) {Contam rPois rF+ rC+ Int+8}
   (You acquired it in the Dungeon)

   Int:       It affects your intelligence (+8).
   rF:        It protects you from fire.
   rC:        It protects you from cold.
   rPois:     It protects you from poison.
   Contam:    It causes magical contamination when unequipped.
Scrolls
 h - a scroll of blinking
Potions
 c - a potion of curing
 d - a potion of heal wounds
 e - a potion of haste
 f - 2 potions of magic
 g - a potion of berserk rage


   Skills:
 + Level 13.6 Fighting
 + Level 13.6 Axes
 + Level 13.3 Armour
 + Level 12.4 Dodging


You had 8 spell levels left.
You didn't know any spells.
Your spell library was empty.

Dungeon Overview and Level Annotations

Branches:
Dungeon (1/1)

Altars:
Cheibriados
Dithmenos
Elyvilon
Fedhas
Gozag
Kikubaaqudgha
Makhleb
Nemelex Xobeh
Okawaru
Sif Muna
Trog
Uskayaw
Vehumet
Yredelemnul
Zin
Jiyva
Lugonu

Shops:
D !::(![=:*[!*?(=

Annotations:
D exclusions: obsidian statue and oklob plant


Innate Abilities, Weirdness & Mutations

You have a pair of horns on your head.
You reflexively headbutt those who attack you in melee.


Message History

You hit the death drake. Your headbutt misses the death drake.
The death drake is severely wounded.
You hit the crystal guardian.
You are engulfed in dark miasma.
You feel as though you will be slow longer.
You feel very sick. The death drake closely misses you.
You furiously retaliate!
You headbutt the death drake.
The crystal guardian hits you but does no damage.
You slash the death drake! Your headbutt misses the death drake.
The death drake is almost dead.
You hit the crystal guardian but do no damage.
You are engulfed in dark miasma.
You are more poisoned.
You feel as though you will be slow longer.
You feel very sick. The death drake bites you.
You slash the crystal guardian!
The crystal guardian is severely damaged.
You slash the death drake!
You kill the death drake!
Trog accepts your kill. Trog grants you a weapon!
Something appears at your feet!
You see here a +7 antimagic battleaxe.
You are engulfed in dark miasma.
You are lethally poisoned!
You feel as though you will be slow longer.
You feel extremely sick. The crystal guardian hits you!
* * * LOW HITPOINT WARNING * * *
You hit the crystal guardian but do no damage.
You headbutt the crystal guardian, but do no damage.
The crystal guardian is severely damaged.
You are engulfed in dark miasma.
You are more poisoned.
You feel as though you will be slow longer.
* * * LOW HITPOINT WARNING * * *
x2 You feel extremely sick.
The crystal guardian fires a crystalline bolt at you.
The crystal bolt burns you!! You resist.
You die...

.^## .^.## .^.#!## ..
^.#..# #+##.. #.#8.#
...##.#### +.##@# .#..#
...# #...##
.#.####..#####..#
#'###.##..#.('÷.#
#.##.#.#..#..#†^# #
.<÷'###'..####..##.#
#.##.#.#....###...##▓▓
#+###.##.§....≈≈≈≈≈≈≈≈≈
.).####≈≈.....≈#+######


You could see a crystal guardian.

Levels and vault maps discovered:
D:        the_violet_keep_of_menkaure [sprint2_stairs_cluster_1,
          sprint2_shoproom, sprint2_temple, sprint2_basic_supplies,
          sprint2_obstacle_3, sprint2_obstacle_1, sprint2_obstacle_4,
          sprint2_obstacle_7, sprint2_obstacle_5, sprint2_timed_cluster_1,
          sprint2_smallroom_cluster_1, sprint2_smallroom_final_cluster_1,
          sprint2_transparent_cluster_1, sprint2_second_timed_cluster_1,
          sprint2_sniper_area_1, sprint2_heavy_combat_area_1,
          sprint2_mutation_trap_area_1, sprint2_forest_area_1,
          sprint2_light_combat_area_1, sprint2_behind_water_1,
          sprint2_near_end_vault_1]

Notes
Turn   | Place    | Note
-------+----------+-------------------------------------------
     0 | D        | ABBCCCDDDD the Minotaur Berserker began the quest for the
                  | Orb.
     0 | D        | Reached XP level 1. HP: 19/19 MP: 0/0
     1 | D        | Noticed a necrophage
     1 | D        | Noticed a necrophage
     1 | D        | Noticed a necrophage
     1 | D        | Noticed a necrophage
     9 | D        | Killed a necrophage
    10 | D        | Reached skill level 5 in Armour
    10 | D        | Reached skill level 5 in Dodging
    10 | D        | Reached XP level 2. HP: 30/30 MP: 1/1
    10 | D        | Reached XP level 3. HP: 37/37 MP: 2/2
    10 | D        | Reached XP level 4. HP: 44/44 MP: 3/3
    12 | D        | Killed a necrophage
    13 | D        | Reached XP level 5. HP: 52/52 MP: 4/4
    13 | D        | Killed a necrophage
    13 | D        | Reached ** piety under Trog
    17 | D        | Killed a necrophage
    18 | D        | Reached XP level 6. HP: 62/62 MP: 5/5
    21 | D        | Killed a water moccasin
    92 | D        | Killed Menkaure
   236 | D        | Reached *** piety under Trog
   237 | D        | Reached XP level 7. HP: 71/71 MP: 6/6
   282 | D        | Noticed a merfolk siren
   295 | D        | Killed a merfolk siren
   296 | D        | Reached skill level 10 in Fighting
   296 | D        | Reached skill level 10 in Axes
   296 | D        | Reached skill level 10 in Armour
   298 | D        | Noticed an obsidian statue
   304 | D        | Noticed a wyvern
   304 | D        | Noticed a wyvern
   310 | D        | Killed a wyvern
   310 | D        | Reached **** piety under Trog
   311 | D        | Reached XP level 8. HP: 82/82 MP: 7/7
   360 | D        | Reached skill level 10 in Dodging
   422 | D        | Found Geligiq's Magic Scroll Shoppe.
   422 | D        | Found Muitied's Jewellery Shoppe.
   422 | D        | Found Wuorghuoc's General Store.
   423 | D        | Found Neshruv's Antique Weapon Emporium.
   423 | D        | Found Xeshromia's Antique Armour Shoppe.
   423 | D        | Found Faul's General Store.
   423 | D        | Found Katebanu's Book Shoppe.
   424 | D        | Found Bupytaun's Jewellery Emporium.
   424 | D        | Found Kydohej's Distillery.
   424 | D        | Found Ykkotest's Antique Armour Shoppe.
   424 | D        | Found Qeefrol's Distillery.
   426 | D        | Found Vutiewn's Antique Weapon Shoppe.
   426 | D        | Found Reasch's Book Emporium.
   426 | D        | Noticed an oklob plant
   427 | D        | Found Tokh's Distillery.
   427 | D        | Found Tuownek's Book Shoppe.
   427 | D        | Noticed a fire dragon
   509 | D        | Noticed a polar bear
   509 | D        | Noticed a polar bear
   527 | D        | Bought a scroll of acquirement for 728 gold pieces
   527 | D        | Acquired the +7 gold dragon scales of Foolhardiness {Contam
                  | rPois rF+ rC+ Int+8}
   543 | D        | Bought a translucent war axe for 195 gold pieces
   543 | D        | Identified the +8 war axe of Shame {pain, MP+9 SInv} (You
                  | bought it in a shop in the Dungeon)
   666 | D        | Found an iron altar of Okawaru.
   666 | D        | Found a radiant altar of Vehumet.
   667 | D        | Found a sparkling altar of Nemelex Xobeh.
   667 | D        | Found a hide-covered altar of Uskayaw.
   667 | D        | Found a glowing silver altar of Zin.
   668 | D        | Found an opulent altar of Gozag.
   668 | D        | Found a burning altar of Makhleb.
   668 | D        | Found a bloodstained altar of Trog.
   669 | D        | Found a blossoming altar of Fedhas.
   669 | D        | Found a corrupted altar of Lugonu.
   669 | D        | Found a basalt altar of Yredelemnul.
   669 | D        | Found a shimmering blue altar of Sif Muna.
   670 | D        | Found a white marble altar of Elyvilon.
   670 | D        | Found an ancient bone altar of Kikubaaqudgha.
   671 | D        | Found a shadowy altar of Dithmenos.
   671 | D        | Found a viscous altar of Jiyva.
   672 | D        | Found a snail-covered altar of Cheibriados.
   676 | D        | Noticed an ice dragon
   689 | D        | Noticed a polar bear
   690 | D        | Killed an ice dragon
   690 | D        | Reached ***** piety under Trog
   691 | D        | Reached XP level 9. HP: 91/91 MP: 8/8
   791 | D        | Noticed a death drake
   904 | D        | Killed a death drake
   907 | D        | Killed a polar bear
   965 | D        | Noticed a death drake
   965 | D        | Noticed a crystal guardian
   976 | D        | Killed a death drake
   976 | D        | Received a gift from Trog
   977 | D        | Killed from afar by a crystal guardian

Table legend: (Time is in decaauts)
 A = Elapsed time spent in this place.
 B = Non-inter-level travel time spent in this place.
 C = Inter-level travel time spent in this place.
 D = Time resting spent in this place.
 E = Time spent auto-exploring this place.
 F = Levels seen in this place.
 G = Mean time per level.
                   A        B        C        D        E       F      G
               +--------+--------+--------+--------+--------+-----+--------+
         Total |   1055 |   1050 |      5 |    800 |      1 |   1 | 1055.0 |
       Dungeon |   1055 |   1050 |      5 |    800 |      1 |   1 | 1055.0 |
               +--------+--------+--------+--------+--------+-----+--------+

Top non-repeatable levels by time:
       D: 1055 daAuts

Table legend:
 A = Kills in this place as a percentage of kills in entire the game.
 B = Kills by you in this place as a percentage of kills by you in the entire game.
 C = Kills by friends in this place as a percentage of kills by friends in the entire game.
 D = Other kills in this place as a percentage of other kills in the entire game.
 E = Experience gained in this place as a percentage of experience gained in the entire game.
 F = Experience gained in this place divided by the number of levels of this place that you have seen.
                   A       B       C       D       E      F
               +-------+-------+-------+-------+-------+----------------------
         Total | 100.0 | 100.0 |   N/A | 100.0 | 100.0 | 4763.0
       Dungeon | 100.0 | 100.0 |   N/A | 100.0 | 100.0 | 4763.0
               +-------+-------+-------+-------+-------+----------------------

Action                   |  1- 3 |  4- 6 |  7- 9 || total
-------------------------+-------+-------+-------++-------
Melee: Hand axe          |     5 |    15 |    71 ||    91
       Headbutt          |       |     3 |    17 ||    20
Invok: Berserk           |     1 |     2 |     7 ||    10
       Trog's Hand       |       |       |     1 ||     1
  Use: Scroll            |       |       |     1 ||     1
 Stab: Confused          |       |       |     1 ||     1
Armor: Animal skin       |     1 |     1 |       ||     2
       Gold dragon scale |       |       |    32 ||    32
Dodge: Dodged            |     3 |     9 |    16 ||    28

Vanquished Creatures
  An ice dragon (D)
  2 death drakes (D)
  A merfolk siren (D)
  A polar bear (D)
  A hornet (D)
  2 wyverns (D)
  A water moccasin (D)
  A swamp drake (D)
  4 necrophages (D)
  4 scorpions (D)
  A hell rat (D)
19 creatures vanquished.

Vanquished Creatures (others)
  Menkaure (D)
  A water moccasin (D)
  A swamp drake (D)
3 creatures vanquished.

Grand Total: 22 creatures vanquished
